Map: King's Cove LE

Players

gdmsob - Winner!

  • Race: Zerg Zerg
  • League: Gold
  • Spawn Location: 11:00

SandboX

  • Race: Zerg Zerg
  • League: Gold
  • Spawn Location: 5:00

VOD

Have the link to the VOD?

Description

Time

  • Played on: Aug. 10, 2019, 5:20 p.m.
  • Length: 10:40
Show
View Real Time Build Order
Export as new Build Order

gdmsob Zerg - Winner!

Build Orders: Hatch First 

Get SALT Encoding   

  12  0:01  Drone  
  13  0:16  Overlord  
  13  0:20  Drone  
  14  0:35  Drone x2  
  16  0:38  Drone  
  17  0:56  Hatchery  
  16  1:03  Extractor  
  15  1:11  Spawning Pool  
  14  1:12  Drone  
  14  1:16  Drone  
  16  1:20  Drone  
  17  1:28  Drone  
  18  1:42  Overlord  
  18  1:58  Queen  
  18  1:59  Zergling x2  
  18  2:00  Zergling x2  
  22  2:07  Drone  
  23  2:09  Metabolic Boost  
  23  2:14  Extractor  
  22  2:16  Queen  
  22  2:17  Drone  
  22  2:20  Drone  
  26  2:30  Drone x2  
  28  2:42  Drone, Roach Warren  
  28  2:50  Drone x2  
  30  3:04  Zergling x8  
  32  3:18  Overlord  
  32  3:24  Spine Crawler  
  32  3:26  Roach x2  
  35  3:41  Roach x3  
  41  3:44  Drone  
  42  4:05  Roach  
  44  4:17  Overlord x3  
  43  4:37  Zergling x2, Roach x4  
  52  4:42  Lair  
  52  4:50  Drone x2  
  54  5:11  Roach x2  
  54  5:26  Roach x7  
  56  5:40  Roach x2  
  60  5:50  Evolution Chamber  
  60  5:53  Evolution Chamber  
  50  6:05  Glial Reconstitution  
  50  6:06  Nydus Network, Spine Crawler  
  50  6:08  Spine Crawler  
  47  6:13  Queen  
  49  6:27  Drone x4  
  49  6:29  Overseer  
  53  6:36  Overseer  
  53  6:58  Roach x3  
  57  7:32  Roach x5  
  67  7:45  Spine Crawler  
  66  8:02  Overseer  
  66  8:08  Overlord, Roach  
  66  8:09  Overlord x3  
  68  8:20  Evolution Chamber  
  68  8:23  Evolution Chamber  
  66  8:32  Nydus Canal  
  66  8:46  Roach x2  
  70  8:57  Spine Crawler  
  59  9:15  Zergling x2, Roach  
  59  9:16  Roach  
  47  10:00  Nydus Canal  
  47  10:01  Roach x2  
  47  10:05  Roach  
  47  10:06  Roach x2  
  57  10:27  Spine Crawler  
Show
View Real Time Build Order
Export as new Build Order

SandboX Zerg 

Build Orders: Hatch First, Zergling Baneling 

Get SALT Encoding   

  12  0:02  Drone  
  13  0:13  Overlord  
  13  0:24  Drone  
  14  0:31  Drone x2  
  14  0:35  Drone  
  17  0:57  Hatchery  
  17  1:01  Drone x2  
  18  1:05  Extractor  
  17  1:17  Spawning Pool  
  16  1:22  Drone  
  16  1:25  Drone  
  18  1:31  Drone  
  19  1:43  Overlord  
  19  2:06  Zergling x4  
  21  2:08  Queen  
  21  2:09  Queen  
  21  2:11  Drone  
  21  2:13  Drone  
  27  2:19  Metabolic Boost  
  27  2:29  Drone x2  
  29  2:37  Drone  
  30  2:41  Drone  
  31  2:54  Zergling x6  
  34  3:05  Zergling x4  
  36  3:14  Baneling Nest  
  35  3:24  Overlord x2  
  35  3:28  Hatchery  
  34  3:44  Drone x2  
  34  3:45  Drone  
  34  3:47  Zergling x4  
  34  3:48  Zergling x2  
  40  3:56  Overlord x2  
  40  4:22  Roach Warren  
  38  4:27  Zergling x12  
  36  4:37  Zergling x12  
  41  4:46  Baneling x3  
  41  4:47  Baneling x3  
  41  4:48  Baneling x6  
  41  4:51  Zergling x4  
  43  5:04  Zergling x12  
  49  5:10  Zergling x4  
  48  5:22  Zergling x10  
  48  5:26  Zergling x2  
  48  5:41  Queen  
  49  5:52  Zergling x16  
  55  6:03  Overlord x2  
  55  6:05  Zergling x2  
  56  6:18  Baneling  
  56  6:19  Baneling x11  
  56  6:34  Drone x6  
  57  6:58  Zergling x20  
  67  7:06  Drone x4  
  58  7:32  Roach x2  
  58  7:33  Roach x7  
  76  7:38  Drone x4  
  80  8:02  Drone x2  
  80  8:04  Overlord x4  
  80  8:05  Overlord x2  
  82  8:19  Lair  
  82  8:27  Evolution Chamber  
  82  8:29  Evolution Chamber  
  80  8:50  Drone x19  
  92  9:03  Roach x5  
  92  9:13  Zergling x6, Roach  
  92  9:14  Roach  
  91  9:18  Zergling x2  
  91  9:20  Zergling x6  
  89  9:27  Roach  
  89  9:28  Zergling x4  
  81  9:41  Zergling x12, Roach  
  75  9:55  Zergling x10  
  75  9:59  Zergling x2  
  48  10:18  Spine Crawler  
  48  10:20  Spine Crawler  
  37  10:23  Zergling x12, Spine Crawler  
Tags
 
Add a new tag
Caveats
  • Supply blocks, unpowered buildings, or Contaminate may cause inaccurate times.
  • Supply counts are checked every 10 seconds.